 Dungeon Crawl Stone Soup version 0.30.0-19-g36f170ea60 (webtiles) character file.

Game seed: 13500635614156717041

196 Irreverend the Insei (level 5, 0/39 HPs)
             Began as a Demonspawn Transmuter on May 28, 2023.
             Splashed by a jelly's acid (9 damage)
             ... on level 5 of the Dungeon.
             The game lasted 00:04:10 (3341 turns).

Irreverend the Insei (Demonspawn Transmuter)        Turns: 3341, Time: 00:04:10

Health: 0/39       AC: -8    Str: 10    XL:     5   Next: 46%
Magic:  7/8        EV: 12    Int: 16    God:
Gold:   204        SH:  0    Dex: 14    Spells: 2/8 levels left

rFire   . .          .
                       - Unarmed
rCold   + . .        (no shield)
rNeg    . . .        a - +0 robe
rPois   .            (helmet currently unavailable)
rElec   .            (no cloak)
rCorr   .            (no gloves)
SInv    .            (boots currently unavailable)
Will    .....        (no amulet)
Stlth   +            e - ring of protection from cold
HPRegen 0.26/turn    (no ring)
MPRegen 0.22/turn

%: no passive effects
@: appendages (expiring), corroded
A: horns 2, talons 2, molten scales 1, foul stench 1, magic regeneration
a: End Transformation


You were on level 5 of the Dungeon.
You had temporarily grown beastly horns and talons.
You visited 1 branch of the dungeon, and saw 5 of its levels.

You collected 204 gold pieces.

Inventory:

Armour
 a - a +0 robe (worn)
Jewellery
 e - a ring of protection from cold (left hand)
 o - a ring of willpower
Wands
 p - a wand of acid (7)
Scrolls
 c - 2 scrolls of vulnerability {unknown}
 d - 3 scrolls of teleportation {unknown}
 g - 3 scrolls of identify {unknown}
 j - 4 scrolls of blinking {unknown}
 m - 2 scrolls of noise {unknown}
 n - a scroll of fog {unknown}
 r - a scroll of fear {unknown}
 s - a scroll of enchant weapon {unknown}
 t - a scroll of poison {unknown}
 v - a scroll of acquirement {unknown}
Potions
 b - 2 potions of lignification
 f - a potion of heal wounds {unknown}
 h - 2 potions of magic {unknown}
 i - 5 potions of curing
 k - a potion of might {unknown}
 l - 2 potions of attraction {unknown}
 q - a potion of ambrosia {unknown}
 u - a potion of mutation {unknown}


   Skills:
 + Level 2.3 Fighting
 + Level 2.6 Dodging
 * Level 4.0 Unarmed Combat
 - Level 2.1 Spellcasting
 + Level 2.7 Transmutations
 + Level 0.7 Poison Magic


You had 2 spell levels left.
You knew the following spells:

 Your Spells              Type           Power      Damage    Failure   Level
a - Beastly Appendage     Tmut           20%        N/A       6%          1
b - Wereblood             Tmut           10%        N/A       10%         2
c - Spider Form           Tmut/Pois      7%         N/A       30%         3

Your spell library contained the following spells:

 Spells                   Type           Power      Damage    Failure   Level
 Apportation              Tloc           2%         N/A       21%         1
 Necrotise                Necr           4%         1d4       21%         1
 Summon Small Mammal      Summ           4%         N/A       21%         1
 Hailstorm                Conj/Ice       1%         3d3       52%         3
 Ice Form                 Ice/Tmut       6%         N/A       75%         4
 Simulacrum               Ice/Necr       0%         N/A       100%        6


Dungeon Overview and Level Annotations

Branches:
Dungeon (5/15)
 Temple: D:4-7

Altars:


Innate Abilities, Weirdness & Mutations

You have temporarily grown beastly horns and talons.
You are partially covered in molten scales. (AC +2)
You may rarely emit foul miasma when damaged in melee.
You regenerate magic rapidly.


Message History

You extend your transformation's duration.
The hound barks!
A jelly comes into view.
Casting: Beastly Appendage (safe; 7% risk of failure)
Confirm with . or Enter, or press ? or * to list all spells.
You miscast Wereblood.
You are very lightly contaminated with residual magic.
Nothing appears to happen.
The jelly quivers.
You barely miss the hound. The hound bites you.
You closely miss the hound. The hound bites you.
The hound bites you but does no damage.
You hit the hound. You headbutt the hound.
The hound is heavily wounded.
The hound misses you.
You hit the hound. Your kick misses the hound. Your headbutt misses the hound.
The hound is almost dead.
Your transformation is almost over.
The hound bites you. The hound barely misses you.
You hit the hound.
You kill the hound!
Your Unarmed Combat skill increases to level 4!
You hit the jelly.
Your hands burn!
You claw the jelly, but do no damage.
The jelly is heavily wounded.
The jelly hits you.
You are splashed with acid!
You completely miss the jelly. You claw the jelly.
The jelly is heavily wounded.
The jelly hits you. The acid corrodes you!
You are splashed with acid.
Your magical contamination has completely faded away.
You are too injured to fight recklessly!
You are too injured to fight recklessly!
You are too injured to fight recklessly!
You are too injured to fight recklessly!
You hit the jelly. The acid corrodes you!
Your hands burn!
* * * LOW HITPOINT WARNING * * *
The jelly is severely wounded.
The jelly hits you.
* * * LOW HITPOINT WARNING * * *
The acid corrodes you!
You are splashed with acid!
You die...

#. .###.##
....... .......
.....$. .......
......†########
......J@......#
.......####.###
....... #.#
....... #.###
####### #...#
###.# #<..#
#####


You could see a jelly.

Vanquished Creatures
  A jelly (D:4)
  A hound (D:5)
  3 adders
  4 gnolls (D:3)
  An ufetubus (D:5)
  A worm (D:2)
  A dart slug (D:4)
  3 orcs
  3 bats
  6 endoplasms
  2 giant cockroaches
  6 goblins
  7 hobgoblins
  4 kobolds
  2 quokkas
  6 ball pythons
  3 frilled lizards
  8 rats
62 creatures vanquished.

Notes
Turn   | Place    | Note
-------+----------+-------------------------------------------
     0 | D:1      | Irreverend the Demonspawn Transmuter began the quest for
                  | the Orb.
     0 | D:1      | Reached XP level 1. HP: 15/15 MP: 3/3
   226 | D:1      | Gained mutation: You regenerate magic rapidly. [demonic
                  | ancestry]
   226 | D:1      | Reached XP level 2. HP: 18/21 MP: 3/5
   316 | D:1      | Reached skill level 3 in Unarmed Combat
   921 | D:1      | Gained mutation: You may rarely emit foul miasma when
                  | damaged in melee. [demonic ancestry]
   921 | D:1      | Reached XP level 3. HP: 26/26 MP: 4/6
  1546 | D:2      | Found a faded altar of an unknown god.
  2083 | D:3      | Gained mutation: You are partially covered in molten
                  | scales. (AC +2) [demonic ancestry]
  2083 | D:3      | Reached XP level 4. HP: 14/33 MP: 7/7
  2534 | D:3      | Learned a level 2 spell: Wereblood
  2538 | D:3      | Learned a level 3 spell: Spider Form
  2838 | D:4      | Reached XP level 5. HP: 38/38 MP: 6/8
  3312 | D:5      | Entered Level 5 of the Dungeon
  3339 | D:5      | Reached skill level 4 in Unarmed Combat
  3341 | D:5      | Splashed by a jelly's acid

Illustrated notes

Levels and vault maps discovered:
D:1:      reono_arrival_forest_river, layout_loops_corners,
          reono_crystal_passage
D:2:      layout_loops_ring, shapermc_ecumenical_altar_mp_vishouse,
          minmay_heptomino_o4
D:3:      layout_rooms
D:4:      layout_basic
D:5:      layout_basic, gammafunk_temple_overflow_pools, uniq_menkaure,
          uniq_ijyb, uniq_crazy_yiuf_cottage

Skill      XL: |  1  2  3  4  5 |
---------------+----------------+-----
Unarmed Combat | 3 4 |  4.0
Dodging        | 2 |  2.6
Transmutations | 2 |  2.7
Fighting       | 2 |  2.3
Spellcasting   | |  2.1
Poison Magic   | |  0.7

Action                     |  1- 3 |  4- 6 || total
---------------------------+-------+-------++-------
  Melee: Unarmed           |   108 |    44 ||   152
         Kick              |    16 |     8 ||    24
         Headbutt          |     4 |     9 ||    13
         Punch             |     2 |       ||     2
   Cast: Beastly Appendage |    26 |    12 ||    38
  Evoke: Wand              |       |     2 ||     2
    Use: Potion            |       |     2 ||     2
   Stab: Sleeping          |     1 |       ||     1
 Armour: Robe              |    14 |     8 ||    22
         Skin              |       |     6 ||     6
  Dodge: Dodged            |    66 |    14 ||    80
